 Dungeon Crawl Stone Soup version 0.25.0-26-g0c896c7088 (webtiles) character file.

Game seed: 3130644094401936713

69 shadizar the Shield-Bearer (level 4, -6/37 HPs)
             Began as a Formicid Fighter on July 5, 2020.
             Mangled by an iguana (12 damage)
             ... on level 3 of the Dungeon.
             The game lasted 00:01:38 (2355 turns).

shadizar the Shield-Bearer (Formicid Fighter)       Turns: 2355, Time: 00:01:39

Health: -6/37      AC:  7    Str: 22    XL:     4   Next: 42%
Magic:  4/4        EV:  8    Int:  7    God:
Gold:   92         SH:  9    Dex: 10    Spells: 3/3 levels left

rFire    . . .     SeeInvis +   a - +0 war axe
rCold    . . .     Gourm    .   c - +0 kite shield
rNeg     . . .     Faith    .   b - +0 scale mail
rPois    .         Spirit   .   (helmet unavailable)
rElec    .         Reflect  .   (no cloak)
rCorr    .         Harm     .   (no gloves)
MR       .....                  (no boots)
Stlth    ..........             (no amulet)
HPRegen  0.12/turn              (no ring)
MPRegen  0.09/turn              (no ring)

@: no status effects
A: permanent stasis, dig shafts and tunnels, four strong arms, antennae 3
a: Dig, Shaft Self


You were on level 3 of the Dungeon.
You were not hungry.

You visited 1 branch of the dungeon, and saw 3 of its levels.

You collected 92 gold pieces.

Inventory:

Hand Weapons
 a - a +0 war axe (weapon)
 r - a +0 flail of venom
Armour
 b - a +0 scale mail (worn)
 c - a +0 kite shield (worn)
Scrolls
 e - 2 scrolls of identify {unknown}
 g - a scroll of enchant weapon {unknown}
 i - a scroll of enchant armour {unknown}
 k - a scroll of noise {unknown}
 m - a scroll of fog {unknown}
 n - a scroll of random uselessness {unknown}
 s - a scroll of remove curse {unknown}
Potions
 d - a potion of might
 j - a potion of berserk rage {unknown}
 l - 2 potions of mutation {unknown}
 o - a potion of flight {unknown}
 p - a potion of haste {unknown}
 q - a potion of heal wounds {unknown}
Comestibles
 f - 4 rations
 h - 5 chunks of flesh


   Skills:
 + Level 3.9 Fighting
 + Level 2.7 Axes
 + Level 3.9 Armour
 + Level 4.3 Shields


You had 3 spell levels left.
You didn't know any spells.
Your spell library was empty.

Dungeon Overview and Level Annotations

Branches:
Dungeon (3/15)

Altars:


Innate Abilities, Weirdness & Mutations

You cannot be hasted, slowed, berserked, paralysed or teleported.
You can dig through walls and to a lower floor.
Your four strong arms can wield two-handed weapons with a shield.
You have a pair of large antennae on your head. (SInv)


Message History

You are too injured to fight recklessly!
You are too injured to fight recklessly!
You are too injured to fight recklessly!
You are too injured to fight recklessly!
You are too injured to fight recklessly!
An iguana is nearby!
You are too injured to fight recklessly!
You barely miss the iguana.
The iguana is lightly wounded.
The iguana bites you!
* * * LOW HITPOINT WARNING * * *
The iguana bites you.
* * * LOW HITPOINT WARNING * * *
You slash the iguana!
The iguana is severely wounded.
You block the iguana's attack.
You closely miss the iguana.
The iguana is severely wounded.
The iguana bites you!
You die...

###
..#
#.#
#.#
#l#
#@#
#.####
#....#
####.#
#.#
#.#
#.#
#.#
#.#


You could see an iguana.

Vanquished Creatures
  An adder (D:2)
  3 dart slugs
  A leopard gecko (D:3)
  5 orcs
  2 giant cockroaches (D:1)
  5 hobgoblins
  A quokka (D:2)
  A ball python (D:2)
  8 bats
  5 frilled lizards
  6 goblins
  4 kobolds
  8 rats
50 creatures vanquished.

Notes
Turn   | Place    | Note
-------+----------+-------------------------------------------
     0 | D:1      | shadizar the Formicid Fighter began the quest for the Orb.
     0 | D:1      | Reached XP level 1. HP: 18/18 MP: 1/1
   221 | D:1      | Reached XP level 2. HP: 24/24 MP: 2/2
   681 | D:1      | Reached skill level 4 in Shields
   695 | D:1      | Reached XP level 3. HP: 29/29 MP: 3/3
  1801 | D:2      | Reached XP level 4. HP: 37/37 MP: 4/4
  2166 | D:2      | Found a faded altar of an unknown god.
  2355 | D:3      | Mangled by an iguana

Illustrated notes

Levels and vault maps discovered:
D:1:      dpeg_arrival_arbitrary_b, layout_basic, minmay_strange_pillars,
          minmay_misc_feat_iff
D:2:      layout_loops_ring, chequers_ecumenical_altar_simple_redux
D:3:      layout_loops_ring, elyvilon_altar_1, uniq_jessica

Skill      XL: |  1  2 |
---------------+-------+-----
Shields        | 4 |  4.3
Fighting       | |  3.9
Axes           | |  2.7
Armour         | |  3.9

Action                   |  1- 3 |  4- 6 || total
-------------------------+-------+-------++-------
Melee: War axe           |   133 |    41 ||   174
  Eat: Chunk             |     3 |     2 ||     5
Armor: Scale mail        |    57 |    24 ||    81
Dodge: Dodged            |    58 |    18 ||    76
Block: Kite shield       |    87 |    18 ||   105
